 Dungeon Crawl Stone Soup version 0.28.0-45-g0d030f2227 (webtiles) character file.

Game seed: 2065331076988991395

712 jimonade the Magician (level 8, -19/55 HPs)
             Began as a Djinni Hedge Wizard on Apr 6, 2022.
             Demolished by a shadow (23 damage)
             ... on level 5 of the Dungeon.
             The game lasted 00:13:45 (5380 turns).

jimonade the Magician (Djinni Hedge Wizard)         Turns: 5380, Time: 00:13:46

Health: -19/55     AC:  2    Str: 11    XL:     8   Next: 0%
Gold:   230        EV: 12    Int: 17    God:
                   SH:  0    Dex: 12

rFire   + + .      SeeInvis .   h - staff of conjuration
rCold   x . .      Faith    .   (no shield)
rNeg    . . .      Spirit   .   b - +0 robe
rPois   ∞          Reflect  .   c - +0 hat
rElec   .          Harm     .   (no cloak)
rCorr   .          Rampage  .   (no gloves)
Will    .....                   (boots unavailable)
Stlth   ++........              (no amulet)
HPRegen 0.18/turn               (no ring)
MPRegen 0.00/turn               (no ring)

@: flying
A: sickness immunity, fire resistance 2, cold vulnerability 1, float, innate
caster, HP casting, extra vitality 1
a: no special abilities


You were on level 5 of the Dungeon.
You visited 1 branch of the dungeon, and saw 5 of its levels.

You collected 230 gold pieces.

Inventory:

Hand Weapons
 a - a +0 dagger
 v - a +2 dagger of draining
 E - a +0 shortbow
Missiles
 d - 3 curare-tipped darts
 g - 86 stones
 l - 5 boomerangs
 p - 28 arrows
 y - 38 bolts
 B - 4 datura-tipped darts
 C - 3 poisoned darts
Armour
 b - a +0 robe (worn)
 c - a +0 hat (worn)
 j - a +0 chain mail
 r - a +0 leather armour
Magical Staves
 h - a staff of conjuration (weapon)
Jewellery
 D - a +4 ring of evasion
Wands
 o - a wand of digging (6)
Scrolls
 e - 5 scrolls of identify {unknown}
 f - a scroll of torment {unknown}
 k - 2 scrolls of enchant weapon {unknown}
 q - a scroll of teleportation {unknown}
 t - a scroll of fear {unknown}
 u - 2 scrolls of blinking {unknown}
Potions
 i - a potion of degeneration {unknown}
 m - a potion of flight {unknown}
 n - 3 potions of brilliance {unknown}
 s - a potion of cancellation {unknown}
 w - 2 potions of magic {unknown}
 x - 2 potions of curing {unknown}
 z - a potion of haste {unknown}
 A - a potion of berserk rage {unknown}


   Skills:
 * Level 2.4 Fighting
 - Level 2.1 Dodging
 - Level 1.5 Stealth
 * Level 6.4 Spellcasting


You had one spell level left.
You knew the following spells:

 Your Spells              Type           Power      Damage    Failure   Level
a - Magic Dart            Conj           100%       1d8       1%          1
b - Blink                 Tloc           54%        N/A       1%          2
c - Call Imp              Summ           27%        N/A       1%          2
d - Slow                  Hex            100%       N/A       1%          1
e - Conjure Flame         Conj/Fire      40%        6-21      2%          3
f - Mephitic Cloud        Conj/Pois/Air  40%        N/A       2%          3
g - Sting                 Tmut/Pois      100%       1d8       1%          1
h - Scorch                Fire           54%        2d7       1%          2
i - Dazzling Flash        Conj/Hex       80%        N/A       2%          3
Your spell library was empty.

Dungeon Overview and Level Annotations

Branches:
Dungeon (5/15)             Temple (0/1) D:4

Altars:
Elyvilon
Zin


Innate Abilities, Weirdness & Mutations

You are immune to sickness and miasma.
You are immune to poison.
Your flesh is very heat resistant. (rF++)
You are vulnerable to cold. (rC-)
You float through the air rather than walking.
You learn spells naturally, not from books.
Your magical power is your life essence.
You have superior vitality. (+4 MHP)


Message History

The killer bee zombie barely misses you.
Unknown command.
Casting: Scorch (safe; 1% risk of failure)
Confirm with . or Enter, or press ? or * to list all spells.
Okay, then.
Unknown command.
Casting: Scorch (safe; 1% risk of failure)
Confirm with . or Enter, or press ? or * to list all spells.
Flames lash the killer bee zombie.
The killer bee zombie is heavily damaged.
The killer bee zombie's fire resistance burns away.
The killer bee zombie completely misses you.
Casting: Scorch (safe; 1% risk of failure)
Confirm with . or Enter, or press ? or * to list all spells.
Flames lash the killer bee zombie.
The killer bee zombie is burned terribly!
You destroy the killer bee zombie!
Casting: Scorch (safe; 1% risk of failure)
Confirm with . or Enter, or press ? or * to list all spells.
Flames lash something but do no damage.
The iguana bites you!
* * * LOW HITPOINT WARNING * * *
Casting: Scorch (safe; 1% risk of failure)
Confirm with . or Enter, or press ? or * to list all spells.
Flames lash the iguana.
You kill the iguana!
* * * LOW HITPOINT WARNING * * *
You have reached level 8!
You feel clever.
Casting: Scorch (safe; 1% risk of failure)
Confirm with . or Enter, or press ? or * to list all spells.
You can't see any susceptible monsters within range! (Use Z to cast anyway.)
The shadow strikes at you from the darkness!
* * * LOW HITPOINT WARNING * * *
Reactivating autopickup.
Your magical contamination has completely faded away.
The shadow slips into darkness.
The shadow flickers and vanishes!
Deactivating autopickup; reactivate with Ctrl-A.
The shadow strikes at you from the darkness!
You die...

#..........# #.########.# #.#
#.# ##'### #.# #....# #.#
#....# #.# #....# #.#
#############....######.#####
................@..........>#
####...#######†########.##..#
...'...........# #.##..#
####........#### #.##..#
............# #####†##..#
............+ . ...#.##..#
............# .. #.#.....#
............# ...
#..###'###### ............#
....###'##.......#


There were no monsters in sight!

Vanquished Creatures
  A water moccasin (D:5)
  A black bear (D:5)
  2 ogres
  A centaur (D:5)
  A jelly (D:4)
  A hound (D:4)
  2 iguanas
  A killer bee zombie (D:5)
  7 adders
  An ufetubus (D:4)
  An adder skeleton (D:4)
  A worm (D:5)
  A dart slug (D:3)
  3 orcs
  5 ball pythons
  4 bats
  2 endoplasms
  2 giant cockroaches
  8 goblins
  8 hobgoblins
  5 jackals
  2 quokkas
  4 frilled lizards
  4 kobolds
  4 rats
72 creatures vanquished.

Vanquished Creatures (others)
  An endoplasm (D:3)
1 creature vanquished.

Grand Total: 73 creatures vanquished

Notes
Turn   | Place    | Note
-------+----------+-------------------------------------------
     0 | D:1      | jimonade the Djinni Hedge Wizard began the quest for the
                  | Orb.
     0 | D:1      | Reached XP level 1. HP: 15/15 MP: 0/0
   403 | D:1      | Reached XP level 2. HP: 18/21 MP: 0/0
   605 | D:1      | Found a faded altar of an unknown god.
   975 | D:1      | Reached skill level 3 in Spellcasting
  1199 | D:1      | Reached XP level 3. HP: 24/26 MP: 0/0
  1199 | D:1      | Learned a level 1 spell: Sting
  1845 | D:2      | Reached skill level 1 in Fighting
  1845 | D:2      | Reached XP level 4. HP: 19/32 MP: 0/0
  2799 | D:3      | Found a glowing silver altar of Zin.
  2815 | D:3      | Reached XP level 5. HP: 36/37 MP: 0/0
  2815 | D:3      | Learned a level 2 spell: Scorch
  3101 | D:3      | Reached skill level 4 in Spellcasting
  3641 | D:4      | Found a staircase to the Ecumenical Temple.
  3922 | D:4      | Reached XP level 6. HP: 37/42 MP: 0/0
  3927 | D:4      | Noticed an ogre
  3946 | D:4      | Killed an ogre
  3947 | D:4      | Reached skill level 5 in Spellcasting
  4514 | D:4      | Found a white marble altar of Elyvilon.
  4634 | D:5      | Entered Level 5 of the Dungeon
  4647 | D:5      | Noticed an ogre
  4656 | D:5      | Noticed a black bear
  4661 | D:5      | Killed an ogre
  4662 | D:5      | Reached XP level 7. HP: 37/49 MP: 0/0
  4662 | D:5      | Learned a level 3 spell: Dazzling Flash
  5207 | D:5      | Noticed a water moccasin
  5211 | D:5      | Killed a water moccasin
  5212 | D:5      | Reached skill level 6 in Spellcasting
  5352 | D:5      | Noticed a shadow
  5372 | D:5      | Reached XP level 8. HP: 4/55 MP: 0/0
  5380 | D:5      | Demolished by a shadow

Illustrated notes

Levels and vault maps discovered:
D:1:      kennysheep_arrival_seaside, layout_basic,
          hellmonk_ecumenical_altar_arch_garden, hangedman_decor_slide_cut
D:2:      layout_rooms
D:3:      layout_basic, amcnicky_altar_gilded, lemuel_flame_loot_1
D:4:      layout_basic, mainiacjoe_overflow_boulevard, minmay_temple_entry_hall
D:5:      layout_basic

Skill      XL: |  1  2  3  4  5  6  7 |
---------------+----------------------+-----
Spellcasting   | 3 4 5 6 |  6.4
Fighting       | 1 2 |  2.4
Dodging        | |  2.1
Stealth        | |  1.5

Action                   |  1- 3 |  4- 6 |  7- 9 || total
-------------------------+-------+-------+-------++-------
Melee: Dagger            |     6 |       |       ||     6
 Cast: Magic Dart        |    64 |    92 |     4 ||   160
       Mephitic Cloud    |       |     4 |     2 ||     6
       Scorch            |       |       |    15 ||    15
       Sting             |       |       |     7 ||     7
Armor: Robe              |     5 |       |       ||     5
Dodge: Dodged            |    14 |     2 |    14 ||    30
